 Dungeon Crawl Stone Soup version 0.23-a0-171-g5ae17c6e89 (webtiles) character file.

33406 Jesh the Imperceptible (level 13, 0/65 HPs)
             Began as a Spriggan Enchanter on Sept 13, 2018.
             Was an Elder of Dithmenos.
             Slain by a tengu conjurer (9 damage)
             ... while paralysed by Rupert
             ... on level 15 of the Dungeon.
             The game lasted 00:44:02 (17908 turns).

Jesh the Imperceptible (Spriggan Enchanter)        Turns: 17908, Time: 00:44:02

Health: 0/65       AC:  4    Str:  7    XL:     13   Next: 36%
Magic:  27/28      EV:  4    Int: 20    God:    Dithmenos [****..]
Gold:   633        SH:  0    Dex: 18    Spells: 15/32 levels left

rFire    . . .     SeeInvis +   a - +6 dagger
rCold    + . .     Gourm    .   (shield restricted)
rNeg     . . .     Faith    .   b - +2 robe
rPois    +         Spirit   .   (helmet restricted)
rElec    .         Reflect  .   (no cloak)
rCorr    .         Harm     .   (gloves unavailable)
MR       ++...                  (boots unavailable)
Stlth    ++++++++++             (no amulet)
HPRegen  0.20/turn              F - +2 ring of evasion
MPRegen  0.21/turn              G - ring "Zin Emar" {+Blink rPois rC+ Int+3}

@: paralysed, lethally poisoned (0 -> -4), wreathed by umbra, very quick
A: very small, unfitting armour, see invisible, herbivore, speed 3, slow
metabolism 2
a: Shadow Step, Renounce Religion, Evoke Blink


You were on level 15 of the Dungeon.
You worshipped Dithmenos.
Dithmenos was greatly pleased with you.
You were not hungry.

You visited 2 branches of the dungeon, and saw 15 of its levels.
You also visited: Sewer.

You collected 726 gold pieces.
You spent 93 gold pieces at shops.

Inventory:

Hand Weapons
 a - a +6 dagger (weapon)
 z - a +0 rapier
Missiles
 t - 5 throwing nets (quivered)
Armour
 b - a +2 robe (worn)
 K - a +0 cloak
Jewellery
 i - an uncursed ring of flight
 j - an uncursed ring of magical power
 F - a +2 ring of evasion (left hand)
 G - the ring "Zin Emar" (right hand) {+Blink rPois rC+ Int+3}
   (You found it on level 10 of the Dungeon)

   [ring of poison resistance]

   It affects your intelligence (+3).
   It protects you from cold.
   It protects you from poison.
   It lets you blink.
 H - an uncursed ring of protection from magic
 J - a +2 ring of strength
Wands
 g - a wand of random effects (55)
 q - a wand of paralysis (41)
 s - a wand of disintegration (13)
 w - a wand of acid (13)
 x - a wand of iceblast (31)
 y - a wand of digging (47)
 A - a wand of scattershot (8)
 B - a wand of flame (34)
Scrolls
 h - 8 scrolls of remove curse
 k - 3 scrolls of teleportation
 o - a scroll of enchant armour
 p - 2 scrolls of amnesia
 u - a scroll of blinking
 C - 4 scrolls of identify
 E - a scroll of vulnerability
 I - 2 scrolls of magic mapping
Potions
 c - 5 potions of heal wounds
 e - 2 potions of might
 f - 3 potions of cancellation
 l - 2 potions of agility
 m - 5 potions of flight
 n - 2 potions of berserk rage
 r - 3 potions of lignification
 v - 2 potions of invisibility
 D - a potion of haste
Comestibles
 d - 11 rations


   Skills:
 + Level 5.9 Fighting
 + Level 7.9 Short Blades
 + Level 10.6 Dodging
 + Level 21.4 Stealth
 + Level 10.0 Spellcasting
 + Level 10.2 Hexes
 + Level 2.3 Summonings


You had 15 spell levels left.
You knew the following spells:

 Your Spells              Type           Power        Failure   Level  Hunger
a - Ensorcelled Hibernat  Hex/Ice        ####..       1%          2    None
b - Corona                Hex            ######.      1%          1    None
c - Confuse               Hex            ######..     1%          3    None
d - Tukima's Dance        Hex            ######..     1%          3    None
e - Dazzling Spray        Conj/Hex       ####..       2%          3    None
f - Summon Mana Viper     Hex/Summ       #####...     14%         5    ####...

Your spell library contained the following spells:

 Spells                   Type           Power        Failure   Level  Hunger
 Summon Butterflies       Summ           ###.....     2%          1    None
 Sandblast                Erth           ##....       7%          1    None
 Call Canine Familiar     Summ           ###.....     8%          3    None
 Passwall                 Tmut/Erth      ##......     11%         2    None
 Stone Arrow              Conj/Erth      ##....       21%         3    None
 Summon Ice Beast         Ice/Summ       ##......     38%         4    ##.....
 Petrify                  Tmut/Erth      ##......     56%         4    ##.....
 Lee's Rapid Deconstruct  Erth           ##........   88%         5    ####...
 Summon Hydra             Summ           ###.......   100%        7    #######


Dungeon Overview and Level Annotations

Branches:
Dungeon (13/15)            Temple (1/1) D:6            Lair (0/6) D:8
    Orc (0/2) D:9
 Vaults: D:13-14

Altars:
Ashenzari
Cheibriados
Dithmenos
Elyvilon
Fedhas
Gozag
Hepliaklqana
Kikubaaqudgha
Makhleb
Nemelex Xobeh
Okawaru
Qazlal
Ru
Sif Muna
Trog
Uskayaw
Wu Jian
Xom
Yredelemnul
Zin
The Shining One
Beogh

Shops:
D:2 *   D:12 ?

Portals:
Trove: D:15 (give +5 fire dragon scales)

Annotations:
D:15 Rupert


Innate Abilities, Weirdness & Mutations

You are very small and have problems with some larger weapons.
You are too small for most types of armour.
You have supernaturally acute eyesight. (SInv)
You are a herbivore.
You cover ground extremely quickly.
You need to consume almost no food.


Message History

The tengu conjurer conjures a globe of magical energy!
The tengu conjurer hits you. The tengu conjurer barely misses you.
The tengu conjurer claws you but does no damage.
The unseen horror hits Rupert!
Rupert roars madly and goes into a rage!
Rupert goes berserk!
A battlesphere comes into view.
You feel less confused.
You feel sick.
The unseen horror barely misses Rupert.
The unseen horror hits you! The tengu conjurer hits you.
* * * LOW HITPOINT WARNING * * *
The tengu conjurer pecks you but does no damage.
The tengu conjurer claws you.
* * * LOW HITPOINT WARNING * * *
The unseen horror hits you!
* * * LOW HITPOINT WARNING * * *
You hear a shout!
You feel sick.
The unseen horror seems less confused.
The unseen horror barely misses you. The tengu conjurer hits you!
You die...

#.# #.# #.#
#########.#######
................##### ..
#.#.......#.∩........ ...
8. ...e.e(.###.###.###..
..#..Z
.#..###.###.###Q###.#
..#8.. #. #.....@x@Qy*.y#
..... #
.###.###.###.###.###..#
.....###..##.###......#
###...x..............###.#
#...####....#####.........
###.# #.#### #.######.#
..# #.# #.# #. #.# #.# #.
#.# #.# #.


You could see Rupert (berserk), an unseen horror (invisible), 2 tengu conjurers,
2 vampire mosquitoes and a battlesphere.

Vanquished Creatures
  A fire giant (D:13)
  A hydra (D:13)
  3 centaur warriors
  4 two-headed ogres
  Urug (D:10)
  2 unseen horrors
  Pikel (D:6)
  A wolf spider zombie (D:15)
  3 deep elf magi
  A cyclops (D:15)
  An orc knight (D:15)
  A manticore (D:15)
  3 centaur skeletons
  3 kobold demonologists
  A yaktaur (shapeshifter) (D:13)
  An efreet (D:15)
  A komodo dragon (D:10)
  A troll (D:15)
  A meliai (D:13)
  A polar bear (shapeshifter) (D:10)
  Grinder (D:6)
  7 hippogriffs
  A meliai zombie (D:12)
  Sigmund (D:5)
  3 shadows
  A spriggan (D:7)
  11 yaks
  A wyvern (D:8)
  A wraith (D:13)
  A basilisk (D:8)
  A hungry ghost (D:11)
  2 acid dragons
  4 water moccasins
  Purgy (Sewer)
  An eye of draining (D:9)
  8 orc warriors
  2 ice beasts
  5 sky beasts
  A phantom (D:7)
  A black bear (D:10)
  6 centaurs
  6 ogres
  4 crocodiles (D:8)
  4 big kobolds
  12 bullfrogs
  A wyvern skeleton (D:10)
  4 scorpions
  2 electric eels (D:6)
  8 wights
  6 howler monkeys
  8 crimson imps
  A bullfrog zombie (D:11)
  4 centaur zombies
  A quasit (D:9)
  2 jellies
  2 hounds (D:8)
  6 orc priests
  2 gnoll shamans
  5 orc wizards
  A bullfrog skeleton (D:12)
  Natasha (twice) (D:3)
  10 worker ants
  A hound skeleton (D:4)
  15 gnolls
  A worker ant zombie (D:5)
  10 adders
  2 river rats (D:5)
  4 shadow imps
  2 oozes (D:1)
  2 adder skeletons
  3 worms
  4 dart slugs
  4 leopard geckos
  65 orcs
  A ball python (D:5)
  6 bats
  4 giant cockroaches
  3 goblins
  7 hobgoblins
  2 jackals (D:2)
  5 quokkas
  A ball python skeleton (D:4)
  4 frilled lizards
  17 kobolds
  A leopard gecko skeleton (D:5)
  10 rats
  4 fungi (D:6)
361 creatures vanquished.

Vanquished Creatures (collateral kills)
  A centaur skeleton (D:15)
1 creature vanquished.

Vanquished Creatures (others)
  A bullfrog (D:6)
  A jelly (D:6)
  A shadow imp (D:6)
  An orc (D:8)
  A kobold (D:11)
  A butterfly (D:6)
  6 plants (D:3)
  13 withered plants (D:15)
25 creatures vanquished.

Grand Total: 387 creatures vanquished

Notes
Turn   | Place    | Note
-------+----------+-------------------------------------------
     0 | D:1      | Jesh the Spriggan Enchanter began the quest for the Orb.
     0 | D:1      | Reached XP level 1. HP: 9/9 MP: 5/5
   790 | D:1      | Reached XP level 2. HP: 13/13 MP: 7/7
   794 | D:1      | Learned a level 2 spell: Ensorcelled Hibernation
  1365 | D:2      | Reached XP level 3. HP: 11/16 MP: 9/9
  1378 | D:2      | Learned a level 3 spell: Confuse
  1382 | D:2      | Learned a level 3 spell: Tukima's Dance
  2013 | D:2      | Found Zin's Purification Station.
  2022 | D:2      | Found a glowing silver altar of Zin.
  2042 | D:2      | Reached XP level 4. HP: 21/21 MP: 11/11
  2280 | D:2      | Found a shimmering altar of Xom.
  2295 | D:2      | Reached skill level 5 in Hexes
  2459 | D:3      | Noticed Natasha
  2463 | D:3      | Killed Natasha
  2468 | D:3      | Learned a level 3 spell: Dazzling Spray
  2602 | D:3      | Found a sacrificial altar of Ru.
  2647 | D:3      | Reached skill level 5 in Spellcasting
  2647 | D:3      | Reached XP level 5. HP: 14/24 MP: 13/13
  2829 | D:3      | Noticed Natasha
  2840 | D:3      | Killed Natasha
  2840 | D:3      | Reached skill level 5 in Stealth
  3860 | D:4      | Reached skill level 6 in Stealth
  4059 | D:4      | Reached XP level 6. HP: 22/28 MP: 14/14
  4273 | D:4      | Reached skill level 7 in Stealth
  4558 | D:5      | Entered Level 5 of the Dungeon
  4827 | D:5      | Reached skill level 8 in Stealth
  4846 | D:5      | Found a glowing drain.
  4855 | Sewer    | Entered a sewer
  5132 | Sewer    | Noticed Purgy
  5138 | Sewer    | Killed Purgy
  5138 | Sewer    | Reached skill level 9 in Stealth
  5350 | Sewer    | Reached XP level 7. HP: 32/32 MP: 15/15
  5637 | D:5      | Reached skill level 10 in Stealth
  5897 | D:5      | Found a white marble altar of Elyvilon.
  5915 | D:5      | Noticed Sigmund
  5923 | D:5      | Killed Sigmund
  5923 | D:5      | Reached skill level 11 in Stealth
  6239 | D:5      | Reached skill level 12 in Stealth
  6520 | D:5      | Reached XP level 8. HP: 36/36 MP: 16/16
  6568 | D:5      | Found a bloodstained altar of Trog.
  6890 | D:6      | Reached skill level 13 in Stealth
  7106 | D:6      | Noticed Grinder
  7136 | D:6      | Killed Grinder
  7136 | D:6      | Reached skill level 14 in Stealth
  7251 | D:6      | Noticed Pikel
  7260 | D:6      | Killed Pikel
  7260 | D:6      | Reached skill level 15 in Stealth
  7321 | D:6      | Reached XP level 9. HP: 39/39 MP: 17/17
  7327 | D:6      | Found a staircase to the Ecumenical Temple.
  7365 | Temple   | Entered the Ecumenical Temple
  7818 | D:6      | Reached skill level 16 in Stealth
  8477 | D:7      | Reached skill level 1 in Fighting
  8528 | D:7      | Found an iron altar of Okawaru.
  8572 | D:7      | Found a blossoming altar of Fedhas.
  8851 | D:7      | Found a sparkling altar of Nemelex Xobeh.
  8895 | D:7      | Found a shadowy altar of Dithmenos.
  8907 | D:7      | Became a worshipper of Dithmenos the Shadowed
  9319 | D:7      | Found a snail-covered altar of Cheibriados.
  9618 | D:8      | Reached skill level 5 in Dodging
  9721 | D:8      | Found a roughly hewn altar of Beogh.
  9748 | D:8      | Noticed a two-headed ogre
  9883 | D:8      | Found an ancient bone altar of Kikubaaqudgha.
  9901 | D:8      | Reached * piety under Dithmenos
  9925 | D:8      | Killed a two-headed ogre
  9925 | D:8      | Reached XP level 10. HP: 37/47 MP: 16/20
 10823 | D:8      | Reached ** piety under Dithmenos
 10886 | D:8      | Found a staircase to the Lair.
 10928 | D:8      | Reached skill level 17 in Stealth
 11169 | D:9      | Reached skill level 5 in Short Blades
 11653 | D:9      | Noticed a two-headed ogre
 11662 | D:9      | Killed a two-headed ogre
 11807 | D:9      | Reached skill level 20 in Stealth
 11807 | D:9      | Reached XP level 11. HP: 53/53 MP: 23/23
 11831 | D:9      | Found a staircase to the Orcish Mines.
 11849 | D:9      | Noticed a deep elf mage
 11852 | D:9      | Killed a deep elf mage
 12025 | D:9      | Got a sheer robe
 12036 | D:9      | Identified the +1 robe "Beahean" {rN+ Str-5 Stlth+} (You
                  | found it on level 9 of the Dungeon)
 12099 | D:9      | Found a stormy altar of Qazlal.
 12104 | D:9      | Reached XP level 12. HP: 58/58 MP: 25/25
 12224 | D:10     | Entered Level 10 of the Dungeon
 13007 | D:10     | Noticed Urug
 13010 | D:10     | Killed Urug
 13160 | D:10     | Noticed a two-headed ogre
 13167 | D:10     | Killed a two-headed ogre
 13921 | D:10     | Found a blossoming altar of Fedhas.
 13958 | D:10     | Noticed a centaur warrior
 13964 | D:10     | Reached *** piety under Dithmenos
 13973 | D:10     | Killed a centaur warrior
 13991 | D:10     | Got a smoking jade ring
 13993 | D:10     | Identified the ring "Zin Emar" {+Blink rPois rC+ Int+3}
                  | (You found it on level 10 of the Dungeon)
 15483 | D:12     | Found Foshut's Magic Scroll Boutique.
 15490 | D:12     | Reached skill level 21 in Stealth
 15553 | D:12     | Bought a scroll of enchant weapon for 82 gold pieces
 15554 | D:12     | Bought a scroll of noise for 11 gold pieces
 15671 | D:12     | Reached skill level 5 in Fighting
 15924 | D:12     | Reached **** piety under Dithmenos
 16230 | D:12     | Learned a level 5 spell: Summon Mana Viper
 16440 | D:13     | Noticed a fire giant
 16440 | D:13     | Noticed a centaur warrior
 16443 | D:13     | Killed a fire giant
 16443 | D:13     | Reached skill level 1 in Summonings
 16445 | D:13     | Killed a centaur warrior
 16445 | D:13     | Reached skill level 10 in Dodging
 16509 | D:13     | Reached XP level 13. HP: 64/64 MP: 27/27
 16740 | D:13     | Noticed Rupert
 17039 | D:13     | Reached skill level 10 in Hexes
 17130 | D:13     | You fall through a shaft for 2 floors!
 17130 | D:15     | Entered Level 15 of the Dungeon
 17617 | D:15     | Reached skill level 10 in Spellcasting
 17875 | D:15     | Found a portal to a secret trove of treasure.
 17903 | D:15     | Paralysed by Rupert for 5 turns
 17908 | D:15     | Slain by a tengu conjurer

Vault maps used:
D:1:      evilmike_arrival_crescent
D:2:      zin_purify, tgw_xom
D:3:      lemuel_doored_altar, first_ration, serial_bayou_lagoon_a, uniq_natasha
D:5:      lemuel_ice_spiral_2, kennysheep_mini_moat, elyvilon_altar_3,
          portal_sewer_entry_a, uniq_sigmund
D:6:      minmay_temple_entry_butterflies, water_boxes_lemuel, uniq_pikel,
          uniq_grinder
D:7:      nicolae_overflow_hidden_temple, cheibrodos_worm_habitat,
          fedhas_altar_4, old_standard_altar,
          chequers_temple_overflow_statue_of_worship, the_bakery,
          minmay_misc_feat_x
D:8:      nicolae_overflow_crystal_walls, erik_lair_dragon, special_room
D:9:      overflow_temple_1_default, orc_0_dummy, guppyfry_early_elven_hall
D:10:     minmay_the_grid_triangle_9x9_rhombus_full, uniq_urug
D:12:     serial_shops, shop_fountains
D:13:     minmay_bent, uniq_rupert
D:15:     gammafunk_depths_entry_grave, enter_trove_0,
          minmay_misc_feat_nine_boxes, serial_shops, shop, minivault_25_ag,
          uniq_roxanne
Temple:   cyrus_temple_forest
Sewer:    kennysheep_door_sewer

Skill      XL: |  1  2  3  4  5  6  7  8  9 10 11 12 13 |
---------------+----------------------------------------+-----
Spellcasting   | 3 4 5 6 7 8 9 10 | 10.0
Hexes          | 4 5 7 8 9 10 | 10.2
Stealth        | 6 9 12 15 16 20 21 | 21.4
Short Blades   | 3 5 7 |  7.9
Fighting       | 2 3 5 |  5.9
Dodging        | 5 7 10 | 10.6
Summonings     | 1 2 |  2.3

Action                   |  1- 3 |  4- 6 |  7- 9 | 10-12 | 13-15 || total
-------------------------+-------+-------+-------+-------+-------++-------
Melee: Dagger            |   105 |   171 |   227 |   245 |    73 ||   821
 Cast: Corona            |     5 |       |       |       |       ||     5
       Ensorcelled Hiber |    17 |    35 |    74 |    91 |    30 ||   247
       Confuse           |       |    11 |    19 |    23 |    24 ||    77
       Dazzling Spray    |       |     2 |    10 |     7 |    10 ||    29
       Tukima's Dance    |       |     1 |       |     2 |       ||     3
Invok: Shadow Step       |       |       |       |     2 |       ||     2
 Abil: Evoke Flight      |       |       |     5 |       |       ||     5
Evoke: Wand              |       |     1 |     2 |     9 |       ||    12
  Use: Scroll            |     5 |     9 |     8 |     5 |     2 ||    29
       Potion            |       |     3 |     1 |     1 |     3 ||     8
 Stab: Sleeping          |    14 |    39 |    63 |    96 |    19 ||   231
       Confused          |       |     5 |     9 |    15 |    12 ||    41
       Paralysed         |       |     1 |       |       |       ||     1
       Invisible         |       |       |     1 |     5 |     1 ||     7
       Distracted        |       |       |       |     2 |       ||     2
  Eat: Ration            |       |     2 |     6 |     2 |     1 ||    11
Armor: Robe              |    10 |    11 |    14 |     5 |     8 ||    48
Dodge: Dodged            |    94 |    87 |   109 |   188 |    76 ||   554

Table legend:
 A = Non-vault XP
 B = Vault XP
 C = Vault XP percentage of total XP
 D = Non-vault monster count
 E = Vault monster count
 F = Vault count percentage of total count
                 A         B        C        D         E       F
            +---------+---------+-------+---------+---------+-------
      Total |   26469 |   10831 |  29.0 |     278 |      81 |  22.6
            +---------+---------+-------+---------+---------+-------
        D:1 |      30 |       0 |   0.0 |      13 |       0 |   0.0
        D:2 |      72 |       6 |   7.7 |      19 |       2 |   9.5
        D:3 |     183 |      35 |  16.1 |      27 |       1 |   3.6
        D:4 |     166 |       2 |   1.2 |      12 |       1 |   7.7
        D:5 |     527 |     258 |  32.9 |      23 |       9 |  28.1
        D:6 |     597 |     928 |  60.9 |      12 |       2 |  14.3
        D:7 |    1492 |     225 |  13.1 |      30 |       2 |   6.2
        D:8 |    1925 |    1251 |  39.4 |      27 |      32 |  54.2
        D:9 |    3069 |     574 |  15.8 |      22 |       1 |   4.3
       D:10 |    2610 |    3699 |  58.6 |      14 |      18 |  56.2
       D:11 |    2422 |       0 |   0.0 |      23 |       0 |   0.0
       D:12 |    3640 |       0 |   0.0 |      20 |       0 |   0.0
       D:13 |    3841 |    3609 |  48.4 |      13 |       7 |  35.0
       D:15 |    5895 |       0 |   0.0 |      23 |       0 |   0.0
      Sewer |       0 |     244 | 100.0 |       0 |       6 | 100.0
            +---------+---------+-------+---------+---------+-------
